WCHLSIM.com - West Coast Hockey League
html PUBLIC "-//W3C//DTD XHTML 1.0 Transitional//EN" "http://www.w3.org/TR/xhtml1/DTD/xhtml1-transitional.dtd"> WCHL - Game 560 - OAKLAND GORILLAS vs ANCHORAGE ACES

OAKLAND GORILLAS vs ANCHORAGE ACES

Created - 1 janvier 2024 at 01:47

Goals
1 2 3 T
OAKLAND GORILLAS 0 2 1 3
ANCHORAGE ACES 0 0 2 2
Shots
1 2 3 T
OAKLAND GORILLAS 5 11 9 25
ANCHORAGE ACES 3 10 9 22

1st period

No Goal

Penalties :
Martin Fehervary (OAK) for Holding Stick (Minor) at 2:48, Brock Boeser (OAK) for High sticking (Minor) at 6:24, Jakob Chychrun (ANC) for Hooking (Minor) at 16:06

2nd period

1. OAKLAND GORILLAS , Logan Couture 16 (Brock Boeser 20) at 13:23
2. OAKLAND GORILLAS , Tomas Tatar 6 (Colton Sissons 12, Cameron York 4) at 18:22

Penalties :
Jani Hakanpaa (ANC) for Hooking (Minor) at 6:48, Patrik Laine (OAK) for Hooking (Minor) at 6:48, Jani Hakanpaa (ANC) for Hooking (Minor) at 9:25, Colton Sissons (OAK) for Tripping (Minor) at 14:13

3rd period

3. OAKLAND GORILLAS , Brock Nelson 6 (Logan Couture 29, Brock Boeser 21) at 3:47
4. ANCHORAGE ACES , Connor McDavid 21 (Ryan Pulock 6) at 7:11
5. ANCHORAGE ACES , Chris Kreider 18 (Phillip Danault 22, Conor Sheary 10) at 7:31

Penalties :
No Penalty

Goalie Stats

Alexandar Georgiev (OAK), 20 saves from 22 shots - (0,909), W, 15-14-1, 60:00 minutes
Darcy Kuemper (ANC), 22 saves from 25 shots - (0,880), L, 25-7-4, 60:00 minutes

Players Stats for OAKLAND GORILLAS

Player Name              G  A  P  +/- PIM S  H  SB GA TA FO     MP     PP MP  PK MP  
------------------------------------------------------------------------------------
Aleksander Barkov        0  0  0   0  0   1  1  2  0  0  14/24  23:13   2:04   3:49 
Andrew Cogliano          0  0  0   0  0   1  0  0  0  0  0/0     5:39   0:00   1:22 
Andrew Poturalski        0  0  0   0  0   1  0  0  0  0  0/0     4:17   0:00   0:00 
Brock Boeser             0  2  2   1  2   2  0  0  0  0  0/0    19:45   1:54   0:00 
Brock Nelson             1  0  1   1  0   5  1  0  0  0  0/1    18:38   2:04   0:00 
Cameron York             0  1  1   0  0   1  1  0  0  0  0/0    15:51   2:04   0:00 
Colton Sissons           0  1  1   0  2   2  1  1  0  0  5/12   13:23   0:00   1:51 
David Kampf              0  0  0   0  0   1  2  1  0  0  0/0    14:28   0:00   2:55 
Hampus Lindholm          0  0  0   0  0   1  1  4  0  0  0/0    24:06   1:54   3:16 
Jack McBain              0  0  0   0  0   0  0  0  0  0  3/5     4:17   0:00   0:00 
Jared Spurgeon           0  0  0   0  0   0  1  0  0  0  0/0    24:09   2:04   3:09 
Jordan Kyrou             0  0  0   0  0   1  1  0  0  0  0/0    17:38   2:04   0:00 
Logan Couture            1  1  2   1  0   3  1  0  0  0  15/29  21:43   1:54   1:57 
Martin Fehervary         0  0  0   0  2   1  3  0  0  0  0/0    12:56   0:00   0:07 
Patrik Laine             0  0  0   0  2   2  1  0  0  0  0/0    17:27   1:54   0:00 
Shayne Gostisbehere      0  0  0   1  0   0  2  1  0  0  0/0    22:54   1:54   2:41 
Tomas Tatar              1  0  1   0  0   3  0  0  0  0  0/0    11:33   0:00   0:00 
Trevor van Riemsdyk      0  0  0   1  0   0  1  0  0  0  0/0    20:03   0:00   2:41 

Players Stats for ANCHORAGE ACES

Player Name              G  A  P  +/- PIM S  H  SB GA TA FO     MP     PP MP  PK MP  
------------------------------------------------------------------------------------
Chris Kreider            1  0  1  -1  0   1  2  0  0  0  0/1    20:25   2:51   0:00 
Connor McDavid           1  0  1   1  0   2  1  0  0  0  11/21  22:18   3:06   0:00 
Conor Sheary             0  1  1  -1  0   2  1  0  0  0  1/1    18:21   0:00   1:45 
Erik Haula               0  0  0  -1  0   1  0  0  0  0  7/13   18:05   2:51   1:45 
Filip Hronek             0  0  0   0  0   1  3  1  0  0  0/0    21:06   3:37   1:32 
Jack Johnson             0  0  0  -1  0   0  2  1  0  0  0/0    12:50   0:00   0:00 
Jakob Chychrun           0  0  0   0  2   0  3  2  0  0  0/0    23:15   3:01   1:28 
Jani Hakanpaa            0  0  0  -1  4   0  2  2  0  0  0/0    13:27   0:00   1:04 
Michael Eyssimont        0  0  0  -1  0   0  0  0  0  0  0/0    13:44   0:00   0:00 
Nathan MacKinnon         0  0  0   1  0   3  1  1  0  0  3/4    22:36   3:06   0:28 
Nicolas Deslauriers      0  0  0   0  0   0  0  0  0  0  0/0     1:56   0:00   1:56 
Phillip Danault          0  1  1  -1  0   8  3  0  0  0  12/28  22:10   2:51   1:45 
Robert Bortuzzo          0  0  0   0  0   0  1  0  0  0  0/0     3:07   0:36   0:00 
Ryan Lomberg             0  0  0   0  0   0  0  0  0  0  0/0     0:53   0:00   0:00 
Ryan Pulock              0  1  1   0  0   0  1  2  0  0  0/0    18:42   2:20   0:00 
Seth Jones               0  0  0   0  0   2  1  3  0  0  0/0    25:34   2:20   1:56 
Sheldon Dries            0  0  0  -1  0   2  0  0  0  0  0/1    12:36   0:00   0:00 
Yegor Sharangovich       0  0  0   1  0   0  1  0  0  0  0/2    22:55   3:06   2:13 

3 Stars

1 - Logan Couture (OAK)
2 - Brock Nelson (OAK)
3 - Connor McDavid (ANC)

Power Play

OAKLAND GORILLAS - 0 on 2 Attempt(s) - 0,00%
ANCHORAGE ACES - 0 on 3 Attempt(s) - 0,00%

Penalty Kill

OAKLAND GORILLAS - 3 on 3 Attempt(s) - 100,00% - Score 0 goal in Penalty Kill
ANCHORAGE ACES - 2 on 2 Attempt(s) - 100,00% - Score 0 goal in Penalty Kill

Team Stat

OAKLAND GORILLAS - Hits : 17 - Faceoff Wins : 37 - Blocked Shots : 9 - Penalty Minutes : 8
ANCHORAGE ACES - Hits : 22 - Faceoff Wins : 34 - Blocked Shots : 12 - Penalty Minutes : 6

Official

Referees : Tim Peel and Andrew Wilk
Linesman : Luke Murray and Matt Brady

Game Notes

No Game Note

Finance

Level 1 -- Attendance: 5171 (86,18%) -- Ticket Income 1 034 200 $
Level 2 -- Attendance: 4854 (97,08%) -- Ticket Income 606 750 $
Level 3 -- Attendance: 1939 (96,95%) -- Ticket Income 201 656 $
Level 4 -- Attendance: 4000 (100,00%) -- Ticket Income 280 000 $
Luxury Box -- Attendance: 1000 (100,00%) -- Ticket Income 325 000 $
Game was played at the Alaska Center.
Total Attendance: 16964 (94,24%)
Total Ticket Income: 2 447 606 $
Other Expense: 24 476 $
Total Income: 2 423 130 $

OAKLAND GORILLAS

5 vs 5 Forward 
   Center                   Left Wing                Right Wing               Time % Phy DF OF 
 1 Aleksander Barkov        Patrik Laine             Jordan Kyrou             35     0   3  2  
 2 Logan Couture            Brock Nelson             Brock Boeser             35     0   3  2  
 3 Colton Sissons           Tomas Tatar              David Kampf              26     1   2  2  
 4 Jack McBain              Andrew Cogliano          Andrew Poturalski        4      1   4  0  

5 vs 5 Defense 
   Defense                  Defense                                           Time % Phy DF OF 
 1 Hampus Lindholm          Jared Spurgeon                                    38     0   2  3  
 2 Shayne Gostisbehere      Trevor van Riemsdyk                               36     0   2  3  
 3 Martin Fehervary         Cameron York                                      26     0   2  3  
 4 Jared Spurgeon           Hampus Lindholm                                   0      0   2  3  

PowerPlay Forward 
   Center                   Left Wing                Right Wing               Time % Phy DF OF 
 1 Aleksander Barkov        Brock Nelson             Jordan Kyrou             55     0   0  5  
 2 Logan Couture            Patrik Laine             Brock Boeser             45     0   0  5  

PowerPlay Defense
   Defense                  Defense                                           Time % Phy DF OF 
 1 Shayne Gostisbehere      Hampus Lindholm                                   55     0   2  3  
 2 Cameron York             Jared Spurgeon                                    45     0   2  3  

Penalty Kill 4 Players Forward 
   Center                   Wing                     Time % Phy DF OF 
 1 Aleksander Barkov        Colton Sissons           55     1   4  0  
 2 Logan Couture            David Kampf              45     1   4  0  

Penalty Kill 4 Players Defense
   Defense                  Defense                  Time % Phy DF OF 
 1 Hampus Lindholm          Jared Spurgeon           55     1   4  0  
 2 Shayne Gostisbehere      Trevor van Riemsdyk      45     1   4  0  

Penalty Kill - 3 Players Forward 
   Forward                                           Time % Phy DF OF 
 1 Aleksander Barkov                                 55     1   4  0  
 2 Logan Couture                                     45     1   4  0  

Penalty Kill - 3 Players Defense
   Defense                  Defense                  Time % Phy DF OF 
 1 Hampus Lindholm          Jared Spurgeon           55     1   4  0  
 2 Shayne Gostisbehere      Trevor van Riemsdyk      45     1   4  0  

4 vs 4 Forward 
   Center                   Wing                     Time % Phy DF OF 
 1 Aleksander Barkov        Brock Nelson             55     1   2  2  
 2 Logan Couture            Brock Boeser             45     1   2  2  

4 vs 4 Defense
   Defense                  Defense                  Time % Phy DF OF 
 1 Hampus Lindholm          Jared Spurgeon           55     1   2  2  
 2 Shayne Gostisbehere      Trevor van Riemsdyk      45     1   2  2  

Last Minutes Offensive
   Center                   Left Wing                Right Wing               Defense                  Defense                  
   Aleksander Barkov        Logan Couture            Jordan Kyrou             Hampus Lindholm          Shayne Gostisbehere      

Last Minutes Defensive
   Center                   Left Wing                Right Wing               Defense                  Defense                  
   Aleksander Barkov        David Kampf              Colton Sissons           Hampus Lindholm          Jared Spurgeon           

Goaltenders
Starting : Alexandar Georgiev       
Backup : Thomas Greiss            

Extra Forwards
Normal : Aleksander Barkov, Logan Couture, Brock Boeser - PP : Tomas Tatar, Colton Sissons - PK : David Kampf
Extra Defensemen
Normal : Hampus Lindholm, Jared Spurgeon, Shayne Gostisbehere - PP : Martin Fehervary - PK : Martin Fehervary, Trevor van Riemsdyk
Penalty Shots
Aleksander Barkov, Logan Couture, Jordan Kyrou, Brock Boeser, Tomas Tatar
Custom OT Lines Forwards
Aleksander Barkov, Logan Couture, Brock Nelson, Jordan Kyrou, Brock Boeser, Patrik Laine, Colton Sissons, Tomas Tatar, David Kampf, Jack McBain
Custom OT Lines Defensemen
Hampus Lindholm, Jared Spurgeon, Shayne Gostisbehere, Trevor van Riemsdyk, Martin Fehervary

Scratches
Zachary Werenski (Healthy), Max Domi (Strained Groin Injury)

ANCHORAGE ACES

5 vs 5 Forward 
   Center                   Left Wing                Right Wing               Time % Phy DF OF 
 1 Connor McDavid           Yegor Sharangovich       Nathan MacKinnon         36     0   2  3  
 2 Phillip Danault          Chris Kreider            Conor Sheary             36     0   2  3  
 3 Erik Haula               Michael Eyssimont        Sheldon Dries            25     1   2  2  
 4 Connor McDavid           Ryan Lomberg             Erik Haula               3      1   2  2  

5 vs 5 Defense 
   Defense                  Defense                                           Time % Phy DF OF 
 1 Seth Jones               Jakob Chychrun                                    36     1   2  2  
 2 Filip Hronek             Ryan Pulock                                       31     1   2  2  
 3 Jani Hakanpaa            Jack Johnson                                      23     1   2  2  
 4 Robert Bortuzzo          Seth Jones                                        10     1   2  2  

PowerPlay Forward 
   Center                   Left Wing                Right Wing               Time % Phy DF OF 
 1 Connor McDavid           Yegor Sharangovich       Nathan MacKinnon         55     1   2  2  
 2 Phillip Danault          Chris Kreider            Erik Haula               45     1   2  2  

PowerPlay Defense
   Defense                  Defense                                           Time % Phy DF OF 
 1 Filip Hronek             Jakob Chychrun                                    55     1   2  2  
 2 Ryan Pulock              Seth Jones                                        45     1   2  2  

Penalty Kill 4 Players Forward 
   Center                   Wing                     Time % Phy DF OF 
 1 Erik Haula               Yegor Sharangovich       55     1   2  2  
 2 Phillip Danault          Conor Sheary             45     1   2  2  

Penalty Kill 4 Players Defense
   Defense                  Defense                  Time % Phy DF OF 
 1 Seth Jones               Jani Hakanpaa            55     1   2  2  
 2 Filip Hronek             Jakob Chychrun           45     1   2  2  

Penalty Kill - 3 Players Forward 
   Forward                                           Time % Phy DF OF 
 1 Phillip Danault                                   55     1   2  2  
 2 Yegor Sharangovich                                45     1   2  2  

Penalty Kill - 3 Players Defense
   Defense                  Defense                  Time % Phy DF OF 
 1 Seth Jones               Jakob Chychrun           55     1   2  2  
 2 Jack Johnson             Filip Hronek             45     1   2  2  

4 vs 4 Forward 
   Center                   Wing                     Time % Phy DF OF 
 1 Nathan MacKinnon         Connor McDavid           55     1   2  2  
 2 Phillip Danault          Chris Kreider            45     1   2  2  

4 vs 4 Defense
   Defense                  Defense                  Time % Phy DF OF 
 1 Jakob Chychrun           Seth Jones               55     1   2  2  
 2 Jani Hakanpaa            Filip Hronek             45     1   2  2  

Last Minutes Offensive
   Center                   Left Wing                Right Wing               Defense                  Defense                  
   Connor McDavid           Phillip Danault          Nathan MacKinnon         Seth Jones               Jakob Chychrun           

Last Minutes Defensive
   Center                   Left Wing                Right Wing               Defense                  Defense                  
   Connor McDavid           Phillip Danault          Nathan MacKinnon         Seth Jones               Jakob Chychrun           

Goaltenders
Starting : Darcy Kuemper            
Backup : Antti Raanta             

Extra Forwards
Normal : Connor McDavid, Phillip Danault, Chris Kreider - PP : Erik Haula, Yegor Sharangovich - PK : Nathan MacKinnon
Extra Defensemen
Normal : Ryan Pulock, Jani Hakanpaa, Jack Johnson - PP : Robert Bortuzzo - PK : Nicolas Deslauriers, Seth Jones
Penalty Shots
Connor McDavid, Nathan MacKinnon, Chris Kreider, Phillip Danault, Yegor Sharangovich
Custom OT Lines Forwards
Nathan MacKinnon, Connor McDavid, Phillip Danault, Chris Kreider, Erik Haula, Yegor Sharangovich, Conor Sheary, Michael Eyssimont, Sheldon Dries, Ryan Lomberg
Custom OT Lines Defensemen
Filip Hronek, Jakob Chychrun, Seth Jones, Ryan Pulock, Jani Hakanpaa

Scratches
Nikolaj Ehlers (Broken Bone (Left Ankle) Injury)

% Time on Ice - OAKLAND GORILLAS

Lines # - Real PCT - Wanted PCT - Time Play
Normal Forward
1 - 33% - 35% - 15:34
2 - 33% - 35% - 15:45
3 - 24% - 26% - 11:33
4 - 9% - 4% - 4:17
Normal Defense
1 - 38% - 38% - 18:07
2 - 34% - 36% - 16:12
3 - 27% - 26% - 12:50
4 - 0% - 0% - 0:00
PP Forward
1 - 52% - 55% - 2:04
2 - 48% - 45% - 1:54
PP Defense
1 - 48% - 55% - 1:54
2 - 52% - 45% - 2:04
PK Forward
1 - 67% - 55% - 4:00
2 - 33% - 45% - 1:57
PK Defense
1 - 55% - 55% - 3:16
2 - 45% - 45% - 2:41
PK3 Forward
1 - 0% - 55%
2 - 0% - 45%
PK3 Defense
1 - 0% - 55%
2 - 0% - 45%
44 Forward
1 - 41% - 55% - 0:49
2 - 59% - 45% - 1:10
44 Defense
1 - 41% - 55% - 0:49
2 - 59% - 45% - 1:10
Last Minute Offensive  - 0:00
Last Minute Defensive  - 0:57
Total
Forward - 60:00
Defense - 60:00

% Time on Ice - ANCHORAGE ACES

Lines # - Real PCT - Wanted PCT - Time Play
Normal Forward
1 - 37% - 36% - 17:36
2 - 35% - 36% - 16:36
3 - 26% - 25% - 12:36
4 - 2% - 3% - 0:53
Normal Defense
1 - 36% - 36% - 17:21
2 - 32% - 31% - 15:24
3 - 26% - 23% - 12:25
4 - 5% - 10% - 2:31
PP Forward
1 - 52% - 55% - 3:06
2 - 48% - 45% - 2:51
PP Defense
1 - 61% - 55% - 3:37
2 - 39% - 45% - 2:20
PK Forward
1 - 56% - 55% - 2:13
2 - 44% - 45% - 1:45
PK Defense
1 - 61% - 55% - 2:26
2 - 39% - 45% - 1:32
PK3 Forward
1 - 0% - 55%
2 - 0% - 45%
PK3 Defense
1 - 0% - 55%
2 - 0% - 45%
44 Forward
1 - 72% - 55% - 1:26
2 - 28% - 45% - 0:33
44 Defense
1 - 72% - 55% - 1:26
2 - 28% - 45% - 0:33
Last Minute Offensive  - 0:25
Last Minute Defensive  - 0:00
Total
Forward - 60:00
Defense - 60:00

Play-by-Play

1st period


0:01 of 1st period - Aleksander Barkov wins face-off versus Connor McDavid in neutral zone.
1:06 of 1st period - Phillip Danault is hit by Aleksander Barkov.
1:12 of 1st period - Conor Sheary is hit by Jordan Kyrou and loses puck.
1:25 of 1st period - Shot by Phillip Danault.
1:25 of 1st period - Shot Blocked by Shayne Gostisbehere.
1:27 of 1st period - Shot by Phillip Danault.
1:27 of 1st period - Stopped by Alexandar Georgiev without a rebound.
1:28 of 1st period - Colton Sissons wins face-off versus Erik Haula in OAKLAND GORILLAS zone.
1:33 of 1st period - Shot by Sheldon Dries.
1:33 of 1st period - Shot Blocked by David Kampf.
1:56 of 1st period - Erik Haula is hit by Martin Fehervary and loses puck.
2:01 of 1st period - Shot by Erik Haula.
2:01 of 1st period - Shot Misses the Net.
2:15 of 1st period - Icing by Cameron York.
2:16 of 1st period - Colton Sissons wins face-off versus Phillip Danault in OAKLAND GORILLAS zone.
2:16 of 1st period - Colton Sissons is hit by Conor Sheary.
2:48 of 1st period - Shot by Phillip Danault.
2:48 of 1st period - Stopped by Alexandar Georgiev without a rebound.
2:48 of 1st period - Minor Penalty to Martin Fehervary for Holding Stick.
2:49 of 1st period - Aleksander Barkov wins face-off versus Nathan MacKinnon in OAKLAND GORILLAS zone.
3:21 of 1st period - Icing by Filip Hronek.
3:22 of 1st period - Aleksander Barkov wins face-off versus Connor McDavid in ANCHORAGE ACES zone.
4:08 of 1st period - Icing by Seth Jones.
4:09 of 1st period - Aleksander Barkov wins face-off versus Phillip Danault in ANCHORAGE ACES zone.
4:20 of 1st period - Shot by Chris Kreider.
4:20 of 1st period - Shot Blocked by Aleksander Barkov.
4:22 of 1st period - Shot by Phillip Danault.
4:22 of 1st period - Shot Misses the Net.
4:24 of 1st period - Shot by Ryan Pulock.
4:24 of 1st period - Shot Blocked by Aleksander Barkov.
4:26 of 1st period - Shot by Erik Haula.
4:26 of 1st period - Shot Blocked by Colton Sissons.
4:48 of 1st period - Shot by Phillip Danault.
4:48 of 1st period - Shot Hit the Post.
4:59 of 1st period - Icing by Martin Fehervary.
5:00 of 1st period - Erik Haula wins face-off versus Logan Couture in OAKLAND GORILLAS zone.
5:27 of 1st period - Shot by Brock Nelson.
5:27 of 1st period - Stopped by Darcy Kuemper without a rebound.
5:28 of 1st period - Phillip Danault wins face-off versus Aleksander Barkov in ANCHORAGE ACES zone.
5:30 of 1st period - Icing by Jakob Chychrun.
5:31 of 1st period - Conor Sheary wins face-off versus Aleksander Barkov in ANCHORAGE ACES zone.
6:24 of 1st period - Minor Penalty to Brock Boeser for High sticking.
6:25 of 1st period - Connor McDavid wins face-off versus Logan Couture in OAKLAND GORILLAS zone.
6:42 of 1st period - Hampus Lindholm is hit by Yegor Sharangovich and loses puck.
6:55 of 1st period - Shot by Filip Hronek.
6:55 of 1st period - Shot Misses the Net.
8:33 of 1st period - Michael Eyssimont is hit by Martin Fehervary and loses puck.
8:49 of 1st period - Erik Haula is hit by Martin Fehervary.
8:51 of 1st period - Shot by Sheldon Dries.
8:51 of 1st period - Stopped by Alexandar Georgiev without a rebound.
8:52 of 1st period - Logan Couture wins face-off versus Phillip Danault in OAKLAND GORILLAS zone.
9:17 of 1st period - Shot by Logan Couture.
9:17 of 1st period - Shot Misses the Net.
9:29 of 1st period - Shot by Logan Couture.
9:29 of 1st period - Stopped by Darcy Kuemper with a rebound.
10:36 of 1st period - Icing by Nathan MacKinnon.
10:37 of 1st period - Nathan MacKinnon wins face-off versus Colton Sissons in ANCHORAGE ACES zone.
11:03 of 1st period - Shot by Tomas Tatar.
11:03 of 1st period - Shot Blocked by Nathan MacKinnon.
13:40 of 1st period - Icing by Ryan Pulock.
13:41 of 1st period - Jack McBain wins face-off versus Erik Haula in ANCHORAGE ACES zone.
14:09 of 1st period - Jack McBain is hit by Filip Hronek and loses puck.
14:13 of 1st period - Icing by Ryan Pulock.
14:14 of 1st period - Erik Haula wins face-off versus Colton Sissons in ANCHORAGE ACES zone.
15:43 of 1st period - Shot by Logan Couture.
15:43 of 1st period - Shot Misses the Net.
15:45 of 1st period - Shot by Brock Boeser.
15:45 of 1st period - Shot Misses the Net.
16:06 of 1st period - Minor Penalty to Jakob Chychrun for Hooking.
16:07 of 1st period - Phillip Danault wins face-off versus Aleksander Barkov in ANCHORAGE ACES zone.
16:22 of 1st period - Shot by Brock Nelson.
16:22 of 1st period - Stopped by Darcy Kuemper without a rebound.
16:23 of 1st period - Logan Couture wins face-off versus Phillip Danault in ANCHORAGE ACES zone.
16:24 of 1st period - Shot by Patrik Laine.
16:24 of 1st period - Shot Misses the Net.
16:26 of 1st period - Shot by Shayne Gostisbehere.
16:26 of 1st period - Shot Misses the Net.
16:28 of 1st period - Shot by Logan Couture.
16:28 of 1st period - Shot Misses the Net.
16:30 of 1st period - Shot by Shayne Gostisbehere.
16:30 of 1st period - Shot Blocked by Jani Hakanpaa.
16:54 of 1st period - Shot by Patrik Laine.
16:54 of 1st period - Stopped by Darcy Kuemper without a rebound.
16:55 of 1st period - Aleksander Barkov wins face-off versus Erik Haula in ANCHORAGE ACES zone.
17:18 of 1st period - Shot by Aleksander Barkov.
17:18 of 1st period - Shot Misses the Net.
18:00 of 1st period - Off-side.
18:01 of 1st period - Logan Couture wins face-off versus Phillip Danault in neutral zone.
18:08 of 1st period - Jani Hakanpaa is hit by Colton Sissons and loses puck.
18:40 of 1st period - Colton Sissons is hit by Jani Hakanpaa and loses puck.
19:07 of 1st period - Shot by Hampus Lindholm.
19:07 of 1st period - Stopped by Darcy Kuemper without a rebound.
19:08 of 1st period - Logan Couture wins face-off versus Connor McDavid in ANCHORAGE ACES zone.
19:08 of 1st period - Logan Couture is hit by Seth Jones.
19:25 of 1st period - Off-side.
19:26 of 1st period - Aleksander Barkov wins face-off versus Connor McDavid in neutral zone.
19:31 of 1st period - Shot by Jordan Kyrou.
19:31 of 1st period - Shot Blocked by Ryan Pulock.
Goals for this period are 0 for OAKLAND GORILLAS vs 0 for ANCHORAGE ACES.
Shots for this period are 5 for OAKLAND GORILLAS vs 3 for ANCHORAGE ACES.

2nd period


0:01 of 2nd period - Logan Couture wins face-off versus Yegor Sharangovich in neutral zone.
0:12 of 2nd period - Shot by Connor McDavid.
0:12 of 2nd period - Stopped by Alexandar Georgiev without a rebound.
0:13 of 2nd period - Phillip Danault wins face-off versus Aleksander Barkov in OAKLAND GORILLAS zone.
0:14 of 2nd period - Shot by Seth Jones.
0:14 of 2nd period - Stopped by Alexandar Georgiev with a rebound.
0:26 of 2nd period - Off-side.
0:27 of 2nd period - Connor McDavid wins face-off versus Logan Couture in neutral zone.
0:42 of 2nd period - Shot by Connor McDavid.
0:42 of 2nd period - Shot Misses the Net.
1:46 of 2nd period - Jared Spurgeon is hit by Phillip Danault and loses puck.
2:46 of 2nd period - Shot by Colton Sissons.
2:46 of 2nd period - Stopped by Darcy Kuemper without a rebound.
2:47 of 2nd period - Jack McBain wins face-off versus Connor McDavid in ANCHORAGE ACES zone.
2:54 of 2nd period - Shot by Connor McDavid.
2:54 of 2nd period - Shot Misses the Net.
2:56 of 2nd period - Shot by Connor McDavid.
2:56 of 2nd period - Shot Misses the Net.
3:40 of 2nd period - Icing by Shayne Gostisbehere.
3:41 of 2nd period - Jack McBain wins face-off versus Phillip Danault in OAKLAND GORILLAS zone.
4:06 of 2nd period - Shot by Conor Sheary.
4:06 of 2nd period - Stopped by Alexandar Georgiev without a rebound.
4:07 of 2nd period - Erik Haula wins face-off versus Aleksander Barkov in OAKLAND GORILLAS zone.
4:26 of 2nd period - Icing by Jack Johnson.
4:27 of 2nd period - Logan Couture wins face-off versus Erik Haula in ANCHORAGE ACES zone.
4:40 of 2nd period - Shot by Brock Boeser.
4:40 of 2nd period - Stopped by Darcy Kuemper without a rebound.
4:41 of 2nd period - Aleksander Barkov wins face-off versus Yegor Sharangovich in ANCHORAGE ACES zone.
4:56 of 2nd period - Shot by Patrik Laine.
4:56 of 2nd period - Shot Misses the Net.
4:58 of 2nd period - Shot by Cameron York.
4:58 of 2nd period - Stopped by Darcy Kuemper without a rebound.
4:59 of 2nd period - Phillip Danault wins face-off versus Logan Couture in ANCHORAGE ACES zone.
5:11 of 2nd period - Brock Nelson is hit by Filip Hronek and loses puck.
5:21 of 2nd period - Brock Nelson is hit by Ryan Pulock and loses puck.
6:16 of 2nd period - Shot by Nathan MacKinnon.
6:16 of 2nd period - Stopped by Alexandar Georgiev without a rebound.
6:17 of 2nd period - Erik Haula wins face-off versus Aleksander Barkov in OAKLAND GORILLAS zone.
6:47 of 2nd period - Patrik Laine is hit by Jack Johnson.
6:48 of 2nd period - Minor Penalty to Jani Hakanpaa for Hooking.
6:48 of 2nd period - Minor Penalty to Patrik Laine for Hooking.
6:49 of 2nd period - Nathan MacKinnon wins face-off versus Aleksander Barkov in ANCHORAGE ACES zone.
7:30 of 2nd period - Shot by Connor McDavid.
7:30 of 2nd period - Shot Misses the Net.
7:37 of 2nd period - Off-side.
7:38 of 2nd period - Phillip Danault wins face-off versus Logan Couture in neutral zone.
8:10 of 2nd period - Icing by Logan Couture.
8:11 of 2nd period - Nathan MacKinnon wins face-off versus Logan Couture in OAKLAND GORILLAS zone.
8:54 of 2nd period - Shot by Michael Eyssimont.
8:54 of 2nd period - Shot Hit the Post.
9:06 of 2nd period - Shot by Colton Sissons.
9:06 of 2nd period - Shot Misses the Net.
9:14 of 2nd period - Shot by Colton Sissons.
9:14 of 2nd period - Shot Misses the Net.
9:16 of 2nd period - Shot by Colton Sissons.
9:16 of 2nd period - Shot Misses the Net.
9:18 of 2nd period - Shot by Colton Sissons.
9:18 of 2nd period - Shot Blocked by Jack Johnson.
9:24 of 2nd period - Shot by David Kampf.
9:24 of 2nd period - Shot Blocked by Jani Hakanpaa.
9:25 of 2nd period - Minor Penalty to Jani Hakanpaa for Hooking.
9:26 of 2nd period - Erik Haula wins face-off versus Brock Nelson in ANCHORAGE ACES zone.
9:26 of 2nd period - Erik Haula is hit by Brock Nelson.
9:42 of 2nd period - Shot by Brock Nelson.
9:42 of 2nd period - Stopped by Darcy Kuemper with a rebound.
9:44 of 2nd period - Shot by Jared Spurgeon.
9:44 of 2nd period - Shot Misses the Net.
10:43 of 2nd period - Shot by Logan Couture.
10:43 of 2nd period - Stopped by Darcy Kuemper without a rebound.
10:44 of 2nd period - Erik Haula wins face-off versus Logan Couture in ANCHORAGE ACES zone.
11:04 of 2nd period - Shot by Brock Boeser.
11:04 of 2nd period - Shot Blocked by Jakob Chychrun.
11:06 of 2nd period - Shot by Shayne Gostisbehere.
11:06 of 2nd period - Shot Blocked by Seth Jones.
11:08 of 2nd period - Shot by Hampus Lindholm.
11:08 of 2nd period - Shot Blocked by Seth Jones.
11:10 of 2nd period - Shot by Logan Couture.
11:10 of 2nd period - Shot Misses the Net.
11:12 of 2nd period - Shot by Brock Boeser.
11:12 of 2nd period - Shot Misses the Net.
11:24 of 2nd period - Jared Spurgeon is hit by Nathan MacKinnon and loses puck.
12:04 of 2nd period - Shot by Tomas Tatar.
12:04 of 2nd period - Shot Blocked by Ryan Pulock.
12:18 of 2nd period - Shot by Andrew Cogliano.
12:18 of 2nd period - Stopped by Darcy Kuemper without a rebound.
12:19 of 2nd period - Aleksander Barkov wins face-off versus Erik Haula in ANCHORAGE ACES zone.
12:50 of 2nd period - Shot by Patrik Laine.
12:50 of 2nd period - Shot Misses the Net.
13:23 of 2nd period - Shot by Logan Couture.
13:23 of 2nd period - Goal by Logan Couture - OAKLAND GORILLAS : 1 - ANCHORAGE ACES : 0.
13:24 of 2nd period - Connor McDavid wins face-off versus Logan Couture in neutral zone.
13:27 of 2nd period - Shot by Connor McDavid.
13:27 of 2nd period - Shot Misses the Net.
13:46 of 2nd period - Icing by Trevor van Riemsdyk.
13:47 of 2nd period - Phillip Danault wins face-off versus Logan Couture in OAKLAND GORILLAS zone.
13:58 of 2nd period - Shot by Phillip Danault.
13:58 of 2nd period - Stopped by Alexandar Georgiev without a rebound.
13:59 of 2nd period - Connor McDavid wins face-off versus Colton Sissons in OAKLAND GORILLAS zone.
14:13 of 2nd period - Minor Penalty to Colton Sissons for Tripping.
14:14 of 2nd period - Aleksander Barkov wins face-off versus Phillip Danault in OAKLAND GORILLAS zone.
14:14 of 2nd period - Aleksander Barkov is hit by Phillip Danault.
14:33 of 2nd period - Shot by Chris Kreider.
14:33 of 2nd period - Shot Blocked by Hampus Lindholm.
14:35 of 2nd period - Shot by Chris Kreider.
14:35 of 2nd period - Shot Misses the Net.
14:37 of 2nd period - Shot by Phillip Danault.
14:37 of 2nd period - Stopped by Alexandar Georgiev without a rebound.
14:38 of 2nd period - Connor McDavid wins face-off versus Aleksander Barkov in OAKLAND GORILLAS zone.
15:21 of 2nd period - Shot by Seth Jones.
15:21 of 2nd period - Stopped by Alexandar Georgiev without a rebound.
15:22 of 2nd period - Phillip Danault wins face-off versus Logan Couture in OAKLAND GORILLAS zone.
15:29 of 2nd period - Shot by Filip Hronek.
15:29 of 2nd period - Stopped by Alexandar Georgiev without a rebound.
15:30 of 2nd period - Aleksander Barkov wins face-off versus Phillip Danault in OAKLAND GORILLAS zone.
15:30 of 2nd period - Shayne Gostisbehere is hit by Phillip Danault and loses puck.
15:54 of 2nd period - Icing by Erik Haula.
15:55 of 2nd period - Aleksander Barkov wins face-off versus Chris Kreider in ANCHORAGE ACES zone.
15:55 of 2nd period - David Kampf is hit by Jakob Chychrun and loses puck.
16:21 of 2nd period - Off-side.
16:22 of 2nd period - Logan Couture wins face-off versus Connor McDavid in neutral zone.
16:28 of 2nd period - Off-side.
16:29 of 2nd period - Connor McDavid wins face-off versus Logan Couture in neutral zone.
16:37 of 2nd period - Connor McDavid is hit by Shayne Gostisbehere.
16:54 of 2nd period - Connor McDavid is hit by Trevor van Riemsdyk and loses puck.
17:34 of 2nd period - Shot by Phillip Danault.
17:34 of 2nd period - Shot Misses the Net.
17:42 of 2nd period - Shot by Phillip Danault.
17:42 of 2nd period - Stopped by Alexandar Georgiev without a rebound.
17:43 of 2nd period - Aleksander Barkov wins face-off versus Erik Haula in OAKLAND GORILLAS zone.
18:04 of 2nd period - Shot by Erik Haula.
18:04 of 2nd period - Shot Blocked by Hampus Lindholm.
18:06 of 2nd period - Shot by Erik Haula.
18:06 of 2nd period - Shot Misses the Net.
18:08 of 2nd period - Shot by Sheldon Dries.
18:08 of 2nd period - Stopped by Alexandar Georgiev without a rebound.
18:09 of 2nd period - Colton Sissons wins face-off versus Phillip Danault in OAKLAND GORILLAS zone.
18:22 of 2nd period - Shot by Tomas Tatar.
18:22 of 2nd period - Goal by Tomas Tatar - OAKLAND GORILLAS : 2 - ANCHORAGE ACES : 0.
18:23 of 2nd period - Connor McDavid wins face-off versus Aleksander Barkov in neutral zone.
18:35 of 2nd period - Connor McDavid is hit by Patrik Laine and loses puck.
18:44 of 2nd period - Shot by Patrik Laine.
18:44 of 2nd period - Stopped by Darcy Kuemper without a rebound.
18:45 of 2nd period - Phillip Danault wins face-off versus Colton Sissons in ANCHORAGE ACES zone.
18:45 of 2nd period - Phillip Danault is hit by David Kampf.
18:56 of 2nd period - Phillip Danault is hit by David Kampf and loses puck.
19:07 of 2nd period - Shot by Colton Sissons.
19:07 of 2nd period - Shot Misses the Net.
19:09 of 2nd period - Shot by Colton Sissons.
19:09 of 2nd period - Shot Misses the Net.
19:11 of 2nd period - Shot by Martin Fehervary.
19:11 of 2nd period - Shot Misses the Net.
19:13 of 2nd period - Shot by Colton Sissons.
19:13 of 2nd period - Shot Misses the Net.
19:15 of 2nd period - Shot by Martin Fehervary.
19:15 of 2nd period - Stopped by Darcy Kuemper with a rebound.
19:17 of 2nd period - Shot by Colton Sissons.
19:17 of 2nd period - Stopped by Darcy Kuemper without a rebound.
19:18 of 2nd period - Logan Couture wins face-off versus Connor McDavid in ANCHORAGE ACES zone.
19:19 of 2nd period - Shot by Brock Nelson.
19:19 of 2nd period - Shot Misses the Net.
19:21 of 2nd period - Shot by Brock Boeser.
19:21 of 2nd period - Shot Misses the Net.
19:53 of 2nd period - Shot by Logan Couture.
19:53 of 2nd period - Shot Blocked by Seth Jones.
19:55 of 2nd period - Shot by Shayne Gostisbehere.
19:55 of 2nd period - Shot Blocked by Jakob Chychrun.
19:57 of 2nd period - Shot by Brock Nelson.
19:57 of 2nd period - Shot Misses the Net.
Goals for this period are 2 for OAKLAND GORILLAS vs 0 for ANCHORAGE ACES.
Shots for this period are 11 for OAKLAND GORILLAS vs 10 for ANCHORAGE ACES.

3rd period


0:01 of 3rd period - Connor McDavid wins face-off versus Aleksander Barkov in neutral zone.
1:15 of 3rd period - Shot by Conor Sheary.
1:15 of 3rd period - Shot Misses the Net.
1:21 of 3rd period - Shot by Chris Kreider.
1:21 of 3rd period - Shot Misses the Net.
1:36 of 3rd period - Conor Sheary is hit by Hampus Lindholm and loses puck.
2:08 of 3rd period - Shot by Erik Haula.
2:08 of 3rd period - Stopped by Alexandar Georgiev without a rebound.
2:09 of 3rd period - Connor McDavid wins face-off versus Logan Couture in OAKLAND GORILLAS zone.
3:03 of 3rd period - Connor McDavid is hit by Cameron York.
3:17 of 3rd period - Shot by Tomas Tatar.
3:17 of 3rd period - Stopped by Darcy Kuemper without a rebound.
3:18 of 3rd period - Phillip Danault wins face-off versus Jack McBain in ANCHORAGE ACES zone.
3:23 of 3rd period - Shot by Chris Kreider.
3:23 of 3rd period - Shot Misses the Net.
3:25 of 3rd period - Shot by Phillip Danault.
3:25 of 3rd period - Deflect By Chris Kreider.
3:25 of 3rd period - Shot Misses the Net.
3:29 of 3rd period - Shot by Phillip Danault.
3:29 of 3rd period - Stopped by Alexandar Georgiev without a rebound.
3:30 of 3rd period - Colton Sissons wins face-off versus Sheldon Dries in OAKLAND GORILLAS zone.
3:35 of 3rd period - Shot by David Kampf.
3:35 of 3rd period - Stopped by Darcy Kuemper without a rebound.
3:36 of 3rd period - Logan Couture wins face-off versus Phillip Danault in ANCHORAGE ACES zone.
3:37 of 3rd period - Shot by Brock Boeser.
3:37 of 3rd period - Stopped by Darcy Kuemper without a rebound.
3:38 of 3rd period - Logan Couture wins face-off versus Phillip Danault in ANCHORAGE ACES zone.
3:47 of 3rd period - Shot by Brock Nelson.
3:47 of 3rd period - Goal by Brock Nelson - OAKLAND GORILLAS : 3 - ANCHORAGE ACES : 0.
3:48 of 3rd period - Logan Couture wins face-off versus Phillip Danault in neutral zone.
4:13 of 3rd period - Logan Couture is hit by Jakob Chychrun and loses puck.
4:21 of 3rd period - Chris Kreider is hit by Shayne Gostisbehere and loses puck.
4:38 of 3rd period - Icing by Trevor van Riemsdyk.
4:39 of 3rd period - Connor McDavid wins face-off versus Logan Couture in OAKLAND GORILLAS zone.
6:26 of 3rd period - Icing by Phillip Danault.
6:27 of 3rd period - Phillip Danault wins face-off versus Colton Sissons in ANCHORAGE ACES zone.
6:49 of 3rd period - Shot by Phillip Danault.
6:49 of 3rd period - Stopped by Alexandar Georgiev without a rebound.
6:50 of 3rd period - Logan Couture wins face-off versus Connor McDavid in OAKLAND GORILLAS zone.
7:11 of 3rd period - Shot by Connor McDavid.
7:11 of 3rd period - Goal by Connor McDavid - OAKLAND GORILLAS : 3 - ANCHORAGE ACES : 1.
7:12 of 3rd period - Colton Sissons wins face-off versus Phillip Danault in neutral zone.
7:31 of 3rd period - Shot by Chris Kreider.
7:31 of 3rd period - Goal by Chris Kreider - OAKLAND GORILLAS : 3 - ANCHORAGE ACES : 2.
7:32 of 3rd period - Logan Couture wins face-off versus Connor McDavid in neutral zone.
7:37 of 3rd period - Icing by Connor McDavid.
7:38 of 3rd period - Logan Couture wins face-off versus Connor McDavid in ANCHORAGE ACES zone.
7:38 of 3rd period - Logan Couture is hit by Filip Hronek.
8:14 of 3rd period - Shot by Nathan MacKinnon.
8:14 of 3rd period - Stopped by Alexandar Georgiev without a rebound.
8:15 of 3rd period - Phillip Danault wins face-off versus Colton Sissons in OAKLAND GORILLAS zone.
8:21 of 3rd period - Colton Sissons is hit by Jakob Chychrun and loses puck.
8:28 of 3rd period - Hampus Lindholm is hit by Chris Kreider and loses puck.
8:41 of 3rd period - Shot by Chris Kreider.
8:41 of 3rd period - Shot Blocked by Hampus Lindholm.
8:43 of 3rd period - Shot by Conor Sheary.
8:43 of 3rd period - Shot Blocked by Hampus Lindholm.
8:45 of 3rd period - Shot by Conor Sheary.
8:45 of 3rd period - Stopped by Alexandar Georgiev with a rebound.
8:58 of 3rd period - Phillip Danault is hit by Jared Spurgeon and loses puck.
9:49 of 3rd period - Shot by Jordan Kyrou.
9:49 of 3rd period - Stopped by Darcy Kuemper without a rebound.
9:50 of 3rd period - Erik Haula wins face-off versus Logan Couture in ANCHORAGE ACES zone.
9:50 of 3rd period - Erik Haula is hit by Logan Couture.
10:51 of 3rd period - Shot by Jack McBain.
10:51 of 3rd period - Deflect By Andrew Poturalski.
10:51 of 3rd period - Stopped by Darcy Kuemper with a rebound.
10:53 of 3rd period - Shot by Hampus Lindholm.
10:53 of 3rd period - Shot Misses the Net.
10:55 of 3rd period - Shot by Jared Spurgeon.
10:55 of 3rd period - Shot Hit the Post.
11:02 of 3rd period - Jack McBain is hit by Jack Johnson and loses puck.
11:42 of 3rd period - Shot by Aleksander Barkov.
11:42 of 3rd period - Stopped by Darcy Kuemper without a rebound.
11:43 of 3rd period - Connor McDavid wins face-off versus Colton Sissons in ANCHORAGE ACES zone.
12:28 of 3rd period - Shot by Nathan MacKinnon.
12:28 of 3rd period - Stopped by Alexandar Georgiev without a rebound.
12:29 of 3rd period - Aleksander Barkov wins face-off versus Phillip Danault in OAKLAND GORILLAS zone.
12:34 of 3rd period - Shot by Jordan Kyrou.
12:34 of 3rd period - Shot Blocked by Filip Hronek.
12:47 of 3rd period - Shot by Chris Kreider.
12:47 of 3rd period - Deflect By Phillip Danault.
12:47 of 3rd period - Stopped by Alexandar Georgiev without a rebound.
12:48 of 3rd period - Logan Couture wins face-off versus Phillip Danault in OAKLAND GORILLAS zone.
12:54 of 3rd period - Logan Couture is hit by Robert Bortuzzo and loses puck.
13:49 of 3rd period - Aleksander Barkov is hit by Connor McDavid and loses puck.
14:06 of 3rd period - Shot by Patrik Laine.
14:06 of 3rd period - Shot Misses the Net.
14:08 of 3rd period - Shot by Patrik Laine.
14:08 of 3rd period - Shot Misses the Net.
14:58 of 3rd period - Shot by Tomas Tatar.
14:58 of 3rd period - Stopped by Darcy Kuemper with a rebound.
15:00 of 3rd period - Shot by David Kampf.
15:00 of 3rd period - Deflect By Colton Sissons.
15:00 of 3rd period - Shot Misses the Net.
15:32 of 3rd period - Shot by Brock Nelson.
15:32 of 3rd period - Stopped by Darcy Kuemper without a rebound.
15:33 of 3rd period - Phillip Danault wins face-off versus Jack McBain in ANCHORAGE ACES zone.
16:37 of 3rd period - Brock Nelson is hit by Jani Hakanpaa and loses puck.
17:17 of 3rd period - Off-side.
17:18 of 3rd period - Aleksander Barkov wins face-off versus Phillip Danault in neutral zone.
17:18 of 3rd period - Jordan Kyrou is hit by Chris Kreider and loses puck.
18:36 of 3rd period - Shot by Tomas Tatar.
18:36 of 3rd period - Shot Misses the Net.
19:24 of 3rd period - Shot by Logan Couture.
19:24 of 3rd period - Shot Misses the Net.
Goals for this period are 1 for OAKLAND GORILLAS vs 2 for ANCHORAGE ACES.
Shots for this period are 9 for OAKLAND GORILLAS vs 9 for ANCHORAGE ACES.


BLAKE
WHEELER
STEVEN
STAMKOS
DREW
DOUGHTY

EAST COAST

HOCKEY LEAGUE

  • 63.RHI2PIT5
  • 64.WOR4ATL3
  • 65.QUECHW
  • 66.CHATRV